 Dungeon Crawl Stone Soup version 0.22.1-1-ga44c0e5 (webtiles) character file.

11218 lysyklops the Spear-Bearer (level 11, -2/92 HPs)
             Began as a Merfolk Gladiator on Sept 26, 2018.
             Was an Elder of the Shining One.
             Slain by a six-headed hydra (9 damage)
             ... on level 7 of the Dungeon.
             The game lasted 00:39:43 (12696 turns).

lysyklops the Spear-Bearer (Merfolk Gladiator)     Turns: 12696, Time: 00:39:44

Health: -2/92      AC:  8    Str: 15    XL:     11   Next: 74%
Magic:  10/11      EV: 20    Int:  8    God:    the Shining One [****..]
Gold:   561        SH: 13    Dex: 18    Spells: 8/10 levels left

rFire    + . .     SeeInvis .   a - +0 trident
rCold    . . .     Gourm    .   k - +0 buckler
rNeg     + + .     Faith    .   I - +1 ring mail "Duaceunu" {rElec rF+ MR+} (curse)
rPois    .         Spirit   .   c - +0 helmet
rElec    +         Reflect  +   b - scarf {cloud immunity}
rCorr    .         Harm     .   (no gloves)
MR       +....                  G - +0 pair of boots
Stlth    +.........             w - +2 amulet of reflection
HPRegen  0.25/turn              (no ring)
MPRegen  0.12/turn              (no ring)

@: divine shield, glowing
A: change form in water, swift swim, stealthy swim
a: Divine Shield, Cleansing Flame, Renounce Religion


You were on level 7 of the Dungeon.
You worshipped the Shining One.
The Shining One was greatly pleased with you.
You were hungry.

You visited 3 branches of the dungeon, and saw 13 of its levels.

You collected 673 gold pieces.
You spent 112 gold pieces at shops.

Inventory:

Hand Weapons
 a - a +0 trident (weapon)
Missiles
 d - 8 throwing nets (quivered)
Armour
 b - a scarf of cloud immunity (worn)
 c - a +0 helmet (worn)
 j - a +1 cloak
 k - a +0 buckler (worn)
 A - a +0 troll leather armour
 G - a +0 pair of boots (worn)
 I - the cursed +1 ring mail "Duaceunu" (worn) {rElec rF+ MR+}
   (You found it on level 9 of the Dungeon)

   It protects you from fire.
   It insulates you from electricity.
   It affects your resistance to hostile enchantments.
   It has a curse placed upon it.
 J - the +1 leather armour of the Aged Tables {Str+5 Int+4}
   (You found it on level 10 of the Dungeon)

   It affects your strength (+5).
   It affects your intelligence (+4).
Jewellery
 w - a +2 amulet of reflection (around neck)
 D - an uncursed amulet of guardian spirit
 E - an uncursed amulet of harm
Wands
 t - a wand of flame (27)
 x - a wand of digging (14)
Scrolls
 e - 2 scrolls of blinking {unknown}
 g - 3 scrolls of enchant weapon
 h - 4 scrolls of remove curse
 i - 5 scrolls of identify
 l - 5 scrolls of teleportation
 m - 2 scrolls of immolation {unknown}
 o - 3 scrolls of amnesia {unknown}
 r - a scroll of fog {unknown}
 u - 3 scrolls of enchant armour
 y - 2 scrolls of brand weapon {unknown}
 z - 2 scrolls of magic mapping {unknown}
 C - a scroll of vulnerability {unknown}
 L - a scroll of summoning
Potions
 n - 2 potions of curing
 p - 2 potions of flight
 s - a potion of invisibility
 v - 4 potions of lignification
 B - a potion of ambrosia
 F - a potion of magic
 H - a potion of degeneration {unknown}
 K - a potion of brilliance {unknown}
Comestibles
 f - 12 rations


   Skills:
 + Level 10.9 Fighting
 + Level 14.0 Polearms
 - Level 2.4 Throwing
 + Level 12.9 Dodging
 - Level 4.0 Shields
 - Level 5.0 Hexes


You had 8 spell levels left.
You knew the following spells:

 Your Spells              Type           Power        Failure   Level  Hunger
a - Slow                  Hex            #.......     17%         2    ###....

Your spell library contained the following spells:

 Spells                   Type           Power        Failure   Level  Hunger
 Confusing Touch          Hex            #.....       11%         1    ##.....
 Corona                   Hex            #......      11%         1    ##.....
 Confuse                  Hex            #.......     32%         3    ####...
 Inner Flame              Hex/Fire       #.......     67%         3    ####...
 Portal Projectile        Hex/Tloc       #.....       67%         3    ####...
 Cause Fear               Hex            #.........   73%         4    #####..
 Gell's Gravitas          Tloc           #.........   95%         3    ####...
 Leda's Liquefaction      Hex/Erth       #.........   97%         4    #####..
 Petrify                  Tmut/Erth      #.......     100%        4    #####..
 Metabolic Englaciation   Hex/Ice        #.........   100%        5    ######.
 Yara's Violent Unravell  Hex/Tmut       #.........   100%        5    ######.


Dungeon Overview and Level Annotations

Branches:
Dungeon (11/15)            Temple (1/1) D:5            Lair (1/6) D:8
    Orc (0/2) D:9

Altars:
Ashenzari
Cheibriados
Dithmenos
Elyvilon
Fedhas
Gozag
Hepliaklqana
Kikubaaqudgha
Makhleb
Nemelex Xobeh
Okawaru
Qazlal
Ru
Sif Muna
Trog
Uskayaw
Vehumet
Wu Jian
Xom
Yredelemnul
Zin
The Shining One

Shops:
D:4 %   D:6 [*:

Annotations:
D:5 Crazy Yiuf
D:8 exclusion: ice statue, Maurice


Message History

You block the six-headed hydra's attack.
The six-headed hydra bites you.
* * * LOW HITPOINT WARNING * * *
The six-headed hydra barely misses you. The six-headed hydra misses you.
The six-headed hydra bites you but does no damage.
You puncture the six-headed hydra!
The six-headed hydra is almost dead.
You hit the six-headed hydra but do no damage.
The six-headed hydra is almost dead.
The six-headed hydra bites you!
* * * LOW HITPOINT WARNING * * *
The six-headed hydra bites you but does no damage.
The six-headed hydra misses you.
The six-headed hydra closely misses you.
You block the six-headed hydra's attack.
The six-headed hydra misses you.
You completely miss the six-headed hydra.
The six-headed hydra is almost dead.
The six-headed hydra bites you!
You die...

#...#.......# #..................
#..รท#.......#
#...........#..#... ....).......#
#...........#..#... ..#####'#...#
#...........#..#...
..#..#..#######..................
..#..#..##..=##..................
..#..'..##...##..................
..#..#..##..)....................
..#..#..##......@D.............<.
.#########.......................
###.#.# #.........#######.......
#.#.####.........########......
###.#.#.....<#..........)).......
....#.#.######.#############.....
.####.#.....##.#(#.......#....)..
......#..##.##.#.........#.#.....
.######..#...#.#.#.#######.#.....


You could see a six-headed hydra.

Vanquished Creatures
  Harold (D:9)
  An unseen horror (D:11)
  A centaur zombie (D:11)
  A centaur skeleton (D:11)
  Prince Ribbit (D:8)
  3 trolls
  3 hippogriffs
  A wyvern (D:10)
  A water elemental (D:11)
  7 yaks
  3 hogs
  A human (D:7)
  A hungry ghost (D:10)
  2 wargs (D:8)
  A soldier ant (D:11)
  3 orc warriors
  An ice beast (D:10)
  3 phantoms
  9 ogres
  11 centaurs
  7 bullfrogs
  3 big kobolds
  A wyvern zombie (D:6)
  A water moccasin zombie (D:5)
  A water moccasin skeleton (D:9)
  4 wights (D:7)
  2 electric eels (D:11)
  2 crimson imps
  3 bullfrog zombies
  9 hounds
  5 jellies
  A bullfrog skeleton (D:8)
  6 orc priests
  3 orc wizards
  2 iguanas
  12 worker ants
  A killer bee zombie (D:7)
  3 hound skeletons
  7 gnolls
  10 adders
  A howler monkey skeleton (D:8)
  6 shadow imps
  An ooze (D:4)
  An adder skeleton (D:8)
  A worm (D:2)
  2 dart slugs (D:1)
  4 leopard geckos
  36 orcs
  A ball python (D:1)
  5 giant cockroaches
  10 goblins
  11 hobgoblins
  2 jackals (D:2)
  5 quokkas
  5 bats
  3 frilled lizards
  29 kobolds
  A leopard gecko skeleton (D:7)
  2 quokka skeletons
  13 rats
277 creatures vanquished.

Vanquished Creatures (others)
  A centaur warrior (D:11)
  A centaur (D:11)
  A bullfrog (D:11)
3 creatures vanquished.

Grand Total: 280 creatures vanquished

Notes
Turn   | Place    | Note
-------+----------+-------------------------------------------
     0 | D:1      | lysyklops the Merfolk Gladiator began the quest for the
                  | Orb.
     0 | D:1      | Reached XP level 1. HP: 16/16 MP: 1/1
   161 | D:1      | Reached XP level 2. HP: 23/23 MP: 2/2
   350 | D:1      | Reached XP level 3. HP: 25/28 MP: 3/3
   498 | D:1      | Reached skill level 5 in Polearms
  1027 | D:2      | Reached XP level 4. HP: 33/35 MP: 4/4
  1396 | D:3      | Reached skill level 1 in Shields
  1479 | D:3      | Found a blossoming altar of Fedhas.
  1668 | D:3      | Reached skill level 5 in Dodging
  1772 | D:3      | Reached XP level 5. HP: 30/41 MP: 5/5
  2009 | D:3      | Noticed a phantom
  2087 | D:3      | Killed a phantom
  2087 | D:3      | Reached skill level 6 in Polearms
  2087 | D:3      | Reached XP level 6. HP: 13/48 MP: 6/6
  2371 | D:3      | Found a burning altar of Makhleb.
  2973 | D:4      | Reached XP level 7. HP: 30/55 MP: 7/7
  3253 | D:4      | Found a bloodstained altar of Trog.
  3279 | D:4      | Reached skill level 7 in Polearms
  3319 | D:4      | Found Tycycik's Food Boutique.
  3432 | D:4      | Found a bloodstained altar of Trog.
  3732 | D:5      | Entered Level 5 of the Dungeon
  3748 | D:5      | Found a staircase to the Ecumenical Temple.
  3819 | Temple   | Entered the Ecumenical Temple
  3873 | Temple   | Became a worshipper of the Shining One
  3981 | D:5      | Found a runed door.
  3985 | D:5      | Noticed Crazy Yiuf
  4549 | D:5      | Found a stormy altar of Qazlal.
  4602 | D:5      | Found a sparkling altar of Nemelex Xobeh.
  5152 | D:5      | Reached skill level 5 in Fighting
  5938 | D:6      | Found Xuthrecwu's Book Emporium.
  6105 | D:6      | Reached XP level 8. HP: 53/62 MP: 8/8
  6571 | D:6      | Found Yfito's General Store.
  6576 | D:6      | Bought a potion of flight for 42 gold pieces
  6576 | D:6      | Bought a scroll of identify for 28 gold pieces
  6576 | D:6      | Bought a scroll of teleportation for 42 gold pieces
  6743 | D:6      | Reached skill level 8 in Polearms
  6771 | D:6      | Found Fycyd's Armour Shoppe.
  6806 | D:6      | Reached * piety under the Shining One
  7401 | D:7      | Reached skill level 9 in Polearms
  7681 | D:7      | Reached XP level 9. HP: 57/71 MP: 9/9
  7811 | D:7      | Reached ** piety under the Shining One
  8014 | D:7      | Reached skill level 10 in Polearms
  8393 | D:8      | Noticed an ice devil
  8393 | D:8      | Noticed an ice devil
  8393 | D:8      | Noticed an ice devil
  8396 | D:8      | Noticed Prince Ribbit
  8416 | D:8      | Noticed an ice devil
  8425 | D:8      | Noticed an ice devil
  8426 | D:8      | Noticed an ice devil
  8437 | D:8      | Noticed an ice devil
  8441 | D:8      | Noticed an ice statue
  8454 | D:8      | Killed Prince Ribbit
  8454 | D:8      | Reached skill level 11 in Polearms
  8454 | D:8      | Reached skill level 10 in Dodging
  8518 | D:8      | Found a staircase to the Lair.
  8554 | D:8      | Reached XP level 10. HP: 82/82 MP: 10/10
  8557 | D:8      | Reached *** piety under the Shining One
  8697 | D:8      | Found a sacrificial altar of Ru.
  8701 | D:8      | Found a hazy altar of Hepliaklqana.
  8701 | D:8      | Found a radiant altar of Vehumet.
  8924 | D:8      | Noticed Maurice
  9026 | D:8      | Learned a level 2 spell: Slow
  9129 | D:9      | Found a staircase to the Orcish Mines.
  9178 | D:9      | Reached skill level 1 in Hexes
  9324 | D:9      | Noticed Harold
  9341 | D:9      | Killed Harold
  9341 | D:9      | Reached skill level 12 in Polearms
  9834 | D:9      | Got a bloodstained ring mail
  9845 | D:9      | Identified the cursed +1 ring mail "Duaceunu" {rElec rF+
                  | MR+} (You found it on level 9 of the Dungeon)
 10074 | D:10     | Entered Level 10 of the Dungeon
 10152 | D:10     | Reached XP level 11. HP: 78/90 MP: 8/11
 10157 | D:10     | Got a bronze leather armour
 10166 | D:10     | Identified the +1 leather armour of the Aged Tables {Str+5
                  | Int+4} (You found it on level 10 of the Dungeon)
 10205 | D:10     | Reached skill level 10 in Fighting
 10214 | D:10     | Reached skill level 13 in Polearms
 10615 | D:10     | Reached **** piety under the Shining One
 11362 | D:11     | Noticed a centaur warrior
 11374 | D:11     | Killed a centaur warrior
 11663 | D:11     | Reached skill level 5 in Hexes
 11922 | D:11     | Noticed an unseen horror
 11935 | D:11     | Killed an unseen horror
 12591 | D:10     | Reached skill level 14 in Polearms
 12651 | Lair:1   | Entered Level 1 of the Lair of Beasts
 12651 | Lair:1   | Noticed a six-headed hydra
 12683 | D:8      | HP: 4/92 [six-headed hydra (7)]
 12696 | D:7      | Slain by a six-headed hydra

Skill      XL: |  1  2  3  4  5  6  7  8  9 10 11 |
---------------+----------------------------------+-----
Polearms       | 5 6 7 9 11 12 14 | 14.0
Fighting       | 3 4 5 6 8 9 10 | 10.9
Shields        | 1 2 3 4 |  4.0
Dodging        | 5 6 8 10 11 12 | 12.9
Hexes          | 3 5 |  5.0
Throwing       | |  2.4

Action                   |  1- 3 |  4- 6 |  7- 9 | 10-12 || total
-------------------------+-------+-------+-------+-------++-------
Melee: Trident           |   108 |   243 |   491 |   630 ||  1472
Invok: Divine Shield     |       |       |       |     1 ||     1
  Use: Scroll            |       |       |     7 |     5 ||    12
       Potion            |       |       |       |     3 ||     3
 Stab: Sleeping          |     5 |     2 |       |       ||     7
       Distracted        |       |     1 |       |       ||     1
  Eat: Chunk             |       |     6 |     8 |    15 ||    29
       Ration            |       |       |     3 |       ||     3
Armor: Leather armour    |     7 |    21 |    12 |       ||    40
       Troll leather arm |       |       |    28 |    11 ||    39
       Ring mail         |       |       |       |    32 ||    32
Dodge: Dodged            |    41 |   110 |   227 |   280 ||   658
Block: Buckler           |     3 |    39 |    95 |   150 ||   287
       Reflection        |       |       |       |    24 ||    24
